General information
- name: BNet
- type: Ladder team game (AT/RT)
- host: Battle.net
- saver: Furor
map: FullScaleAssault
- players: 8
- length: 55:42
- speed: Fast
- version: 1.26 W3XP
- replay type: Public
» download(256 KB)
Players
team 1 (loser)
Furor (
red | 82 APM | 4556 actions | 55:42)
10 Archmage
3 Summon Water Elemental
3 Brilliance Aura
1 Mass Teleport
3 Blizzard
» actions
| Assign group hotkey | 274 | |
| Basic commands | 175 | |
| Build / train | 266 | |
| ESC pressed | 24 | |
| Enter build submenu | 67 | |
| Enter hero's abilities submenu | 10 | |
| Give item / drop item | 7 | |
| Remove unit from queue | 3 | |
| Right click | 1441 | |
| Select / deselect | 647 | |
| Select group hotkey | 1213 | |
| Use ability | 429 | |
4556 total
» units
| Peasant | 31 | |
| Footman | 7 | |
| Goblin Shredder | 5 | |
| Goblin Zeppelin | 14 | |
| Mortar Team | 3 | |
| Siege Engine | 2 | |
| Sorceress | 1 | |
| Dragonhawk Rider | 9 | |
| Goblin Sapper | 1 | |
| Gryphon Rider | 5 | |
| Blue Dragon | 1 | |
| Rifleman | 1 | |
80 total
» upgrades
| Masonry | 3 | |
| Swords | 4 | |
| Gunpowder | 3 | |
| Lumber Harvesting | 2 | |
| Plating | 3 | |
| Fragmentation Shards | 1 | |
| Barrage | 1 | |
| Sorceress Training | 2 | |
| Magic Sentry | 1 | |
| Animal War Training | 1 | |
| Armor | 3 | |
| Cloud | 1 | |
| Storm Hammers | 1 | |
| Flak Cannons | 1 | |
| Flying Machine Bombs | 1 | |
| Priest Training | 1 | |
| Flare | 1 | |
| Long Rifles | 1 | |
| Defend | 1 | |
32 total
» buildings
| Altar of Kings | 1 | |
| Barracks | 2 | |
| Farm | 18 | |
| Arcane Vault | 1 | |
| Town Hall | 2 | |
| Keep | 4 | |
| Lumber Mill | 1 | |
| Blacksmith | 1 | |
| Scout Tower | 23 | |
| Castle | 3 | |
| Guard Tower | 49 | |
| Workshop | 2 | |
| Arcane Sanctum | 1 | |
| Gryphon Aviary | 2 | |
| Cannon Tower | 10 | |
| Arcane Tower | 2 | |
122 total
» build order
00:53 Altar of Kings
00:58 Barracks
00:59 Barracks
01:03 Farm
01:05 Farm
01:14 Farm
01:53 Farm
02:19 Arcane Vault
02:57 Farm
03:06 Farm
04:12 Town Hall
05:38 Keep
05:38 Keep
06:12 Lumber Mill
07:58 Blacksmith
08:00 Scout Tower
08:04 Scout Tower
08:05 Scout Tower
08:32 Castle
08:33 Castle
08:33 Guard Tower
08:33 Guard Tower
08:34 Guard Tower
08:34 Guard Tower
08:34 Guard Tower
08:49 Workshop
09:37 Workshop
10:56 Guard Tower
10:56 Guard Tower
10:56 Guard Tower
10:56 Guard Tower
10:57 Guard Tower
10:57 Guard Tower
11:02 Guard Tower
11:02 Guard Tower
11:27 Arcane Sanctum
11:53 Farm
12:08 Scout Tower
12:09 Scout Tower
12:11 Scout Tower
12:41 Guard Tower
12:41 Guard Tower
12:44 Guard Tower
12:45 Guard Tower
12:45 Guard Tower
13:16 Guard Tower
13:16 Guard Tower
13:18 Gryphon Aviary
13:20 Gryphon Aviary
17:04 Scout Tower
17:04 Scout Tower
17:05 Scout Tower
17:06 Scout Tower
17:07 Scout Tower
17:10 Scout Tower
17:11 Scout Tower
17:12 Scout Tower
17:40 Guard Tower
17:41 Guard Tower
17:41 Guard Tower
17:41 Guard Tower
17:42 Guard Tower
17:42 Guard Tower
17:43 Guard Tower
20:11 Farm
24:42 Town Hall
32:27 Scout Tower
32:29 Scout Tower
32:30 Scout Tower
32:35 Scout Tower
32:36 Scout Tower
32:37 Scout Tower
34:31 Guard Tower
34:31 Guard Tower
34:31 Guard Tower
34:31 Guard Tower
37:17 Farm
37:19 Farm
37:21 Farm
37:23 Farm
37:26 Farm
37:32 Farm
37:34 Farm
39:07 Farm
39:09 Farm
39:10 Farm
46:10 Scout Tower
46:12 Scout Tower
46:15 Scout Tower
46:35 Cannon Tower
46:35 Cannon Tower
46:36 Cannon Tower
46:37 Cannon Tower
46:38 Cannon Tower
46:38 Cannon Tower
48:16 Arcane Tower
52:24 Arcane Tower
» items
| Scroll of Regeneration | 5 | |
| Mechanical Critter | 3 | |
| Scroll of Town Portal | 3 | |
| Ivory Tower | 3 | |
| Staff of Sanctuary | 1 | |
15 total
RyanBrenner (
pink | 57 APM | 1468 actions | 25:37)
5 Death Knight
2 Death Coil
3 Unholy Aura
3 Lich
2 Frost Nova
1 Dark Ritual
» actions
| Assign group hotkey | 30 | |
| Basic commands | 11 | |
| Build / train | 61 | |
| Enter build submenu | 20 | |
| Enter hero's abilities submenu | 8 | |
| Give item / drop item | 10 | |
| Right click | 722 | |
| Select / deselect | 268 | |
| Select group hotkey | 255 | |
| Use ability | 82 | |
1468 total
» units
| Acolyte | 11 | |
| Ghoul | 3 | |
| Crypt Fiend | 9 | |
| Gargoyle | 8 | |
| Goblin Zeppelin | 2 | |
33 total
» upgrades
| Creature Attack | 2 | |
| Web | 1 | |
| Creature Carapace | 1 | |
4 total
» buildings
| Graveyard | 1 | |
| Crypt | 3 | |
| Altar of Darkness | 1 | |
| Ziggurat | 6 | |
| Tomb of Relics | 1 | |
| Halls of the Dead | 1 | |
| Sacrificial Pit | 1 | |
| Nerubian Tower | 1 | |
| Black Citadel | 1 | |
| Boneyard | 2 | |
| Necropolis | 1 | |
19 total
» build order
00:10 Graveyard
00:17 Crypt
00:43 Altar of Darkness
01:01 Ziggurat
01:12 Tomb of Relics
02:03 Ziggurat
04:00 Ziggurat
04:37 Halls of the Dead
06:03 Ziggurat
08:06 Sacrificial Pit
08:17 Nerubian Tower
13:24 Black Citadel
13:57 Ziggurat
16:48 Boneyard
16:51 Boneyard
17:27 Crypt
17:29 Crypt
17:33 Ziggurat
25:11 Necropolis
» items
| Rod of Necromancy | 2 | |
| Boots of Speed | 1 | |
| Staff of Teleportation | 1 | |
| Orb of Corruption | 2 | |
| Scroll of Town Portal | 1 | |
| Potion of Healing | 1 | |
8 total
2064265555 (
yellow | 22 APM | 703 actions | 31:16)
4 Archmage
2 Summon Water Elemental
2 Brilliance Aura
1 Mountain King
1 Storm Bolt
» actions
| Basic commands | 21 | |
| Build / train | 54 | |
| Enter build submenu | 25 | |
| Enter hero's abilities submenu | 5 | |
| Right click | 289 | |
| Select / deselect | 244 | |
| Use ability | 65 | |
703 total
» units
| Peasant | 14 | |
| Footman | 10 | |
| Goblin Shredder | 1 | |
| Goblin Zeppelin | 1 | |
| Goblin Sapper | 2 | |
| Sorceress | 1 | |
29 total
» upgrades
| Defend | 1 | |
| Sorceress Training | 2 | |
| Lumber Harvesting | 1 | |
4 total
» buildings
| Barracks | 2 | |
| Altar of Kings | 2 | |
| Farm | 8 | |
| Arcane Vault | 1 | |
| Keep | 1 | |
| Lumber Mill | 1 | |
| Blacksmith | 2 | |
| Arcane Sanctum | 3 | |
| Castle | 1 | |
| Scout Tower | 5 | |
| Gryphon Aviary | 2 | |
| Guard Tower | 3 | |
| Arcane Tower | 1 | |
| Town Hall | 2 | |
34 total
» build order
00:10 Barracks
00:19 Altar of Kings
00:26 Farm
00:47 Farm
01:39 Farm
02:15 Arcane Vault
04:25 Keep
04:38 Lumber Mill
04:45 Farm
05:24 Blacksmith
06:29 Farm
07:31 Arcane Sanctum
07:37 Arcane Sanctum
08:19 Castle
08:25 Blacksmith
08:33 Farm
11:58 Scout Tower
12:00 Scout Tower
12:08 Scout Tower
12:09 Scout Tower
12:11 Scout Tower
12:29 Farm
12:31 Farm
13:54 Gryphon Aviary
14:01 Gryphon Aviary
14:30 Guard Tower
14:39 Guard Tower
14:41 Arcane Tower
14:42 Guard Tower
14:49 Barracks
14:59 Town Hall
16:54 Arcane Sanctum
17:02 Altar of Kings
25:47 Town Hall
» items
| Scroll of Regeneration | 1 | |
| Lesser Clarity Potion | 1 | |
| Scroll of Healing | 1 | |
| Scroll of Town Portal | 2 | |
| Mechanical Critter | 2 | |
| Tiny Great Hall | 1 | |
8 total
manbearpig54 (
orange | 27 APM | 502 actions | 18:43)
3 Tauren Chieftain
1 War Stomp
2 Endurance Aura
1 Shadow Hunter
1 Healing Wave
» actions
| Basic commands | 42 | |
| Build / train | 42 | |
| Enter build submenu | 13 | |
| Enter hero's abilities submenu | 4 | |
| Give item / drop item | 1 | |
| Right click | 192 | |
| Select / deselect | 186 | |
| Use ability | 22 | |
502 total
» units
» upgrades
| Spiked Barricades | 1 | |
| Melee Weapons | 1 | |
| Envenomed Spears | 2 | |
| Ranged Weapons | 1 | |
| Armor | 1 | |
6 total
» buildings
| Orc Burrow | 6 | |
| Altar of Storms | 1 | |
| Barracks | 1 | |
| Stronghold | 1 | |
| War Mill | 1 | |
| Fortress | 1 | |
| Voodoo Lounge | 1 | |
| Beastiary | 1 | |
| Great Hall | 1 | |
14 total
» build order
00:25 Orc Burrow
01:02 Altar of Storms
01:23 Barracks
01:37 Orc Burrow
02:41 Orc Burrow
04:00 Stronghold
05:02 Orc Burrow
05:09 War Mill
06:22 Fortress
06:26 Voodoo Lounge
08:00 Beastiary
11:34 Great Hall
11:53 Orc Burrow
11:58 Orc Burrow
» items
team 2 (winner)
tanks-ranks-ban (
green | 38 APM | 2119 actions | 55:42)
5 Blood Mage
2 Banish
3 Flame Strike
» actions
| Assign group hotkey | 32 | |
| Basic commands | 181 | |
| Build / train | 77 | |
| Enter build submenu | 30 | |
| Enter hero's abilities submenu | 5 | |
| Give item / drop item | 3 | |
| Remove unit from queue | 1 | |
| Right click | 679 | |
| Select / deselect | 298 | |
| Select group hotkey | 665 | |
| Use ability | 148 | |
2119 total
» units
| Peasant | 15 | |
| Footman | 4 | |
| Goblin Shredder | 1 | |
| Sorceress | 1 | |
| Gryphon Rider | 5 | |
| Blue Dragon | 2 | |
28 total
» upgrades
| Masonry | 3 | |
| Swords | 2 | |
| Armor | 2 | |
| Sorceress Training | 2 | |
| Animal War Training | 1 | |
| Storm Hammers | 1 | |
| Cloud | 1 | |
12 total
» buildings
| Altar of Kings | 1 | |
| Barracks | 1 | |
| Farm | 11 | |
| Scout Tower | 27 | |
| Lumber Mill | 1 | |
| Arcane Tower | 1 | |
| Arcane Vault | 1 | |
| Town Hall | 2 | |
| Guard Tower | 16 | |
| Keep | 2 | |
| Blacksmith | 1 | |
| Castle | 1 | |
| Gryphon Aviary | 3 | |
| Arcane Sanctum | 1 | |
69 total
» build order
00:09 Altar of Kings
00:21 Barracks
00:37 Farm
00:51 Farm
01:30 Farm
01:39 Scout Tower
02:04 Lumber Mill
02:27 Arcane Tower
03:02 Farm
03:16 Arcane Vault
04:52 Town Hall
04:56 Scout Tower
04:56 Scout Tower
04:57 Scout Tower
05:31 Guard Tower
06:15 Scout Tower
06:15 Scout Tower
06:15 Scout Tower
06:16 Scout Tower
06:17 Scout Tower
06:31 Keep
06:48 Guard Tower
07:09 Guard Tower
07:22 Scout Tower
07:22 Scout Tower
07:23 Scout Tower
07:24 Scout Tower
07:25 Scout Tower
07:25 Scout Tower
07:25 Scout Tower
07:31 Blacksmith
07:48 Guard Tower
08:04 Guard Tower
08:06 Guard Tower
08:30 Guard Tower
08:30 Guard Tower
09:05 Guard Tower
09:06 Castle
09:10 Gryphon Aviary
09:11 Gryphon Aviary
09:13 Gryphon Aviary
09:36 Scout Tower
09:37 Scout Tower
09:38 Scout Tower
09:50 Arcane Sanctum
09:58 Farm
10:07 Guard Tower
10:37 Guard Tower
10:46 Farm
11:06 Guard Tower
11:32 Scout Tower
11:32 Scout Tower
11:32 Scout Tower
11:34 Scout Tower
11:34 Scout Tower
11:35 Scout Tower
11:35 Scout Tower
11:36 Scout Tower
12:37 Guard Tower
12:49 Guard Tower
13:13 Farm
13:13 Farm
13:14 Farm
13:14 Farm
13:38 Guard Tower
16:11 Farm
17:19 Town Hall
» items
| Staff of Teleportation | 1 | |
| Scroll of Town Portal | 5 | |
| Potion of Invisibility | 3 | |
| Scroll of Regeneration | 1 | |
10 total
Strider (
blue | 28 APM | 1556 actions | 55:42)
5 Mountain King
3 Storm Bolt
2 Bash
» actions
| Assign group hotkey | 1 | |
| Basic commands | 247 | |
| Build / train | 100 | |
| Enter build submenu | 22 | |
| Enter hero's abilities submenu | 5 | |
| Remove unit from queue | 1 | |
| Right click | 565 | |
| Select / deselect | 565 | |
| Select group hotkey | 5 | |
| Use ability | 42 | |
1556 total
» units
| Peasant | 40 | |
| Footman | 9 | |
| Priest | 3 | |
| Knight | 14 | |
| Blue Drake | 2 | |
| Spell Breaker | 4 | |
| Blue Dragon Whelp | 2 | |
| Gargoyle | 5 | |
79 total
» upgrades
| Defend | 1 | |
| Lumber Harvesting | 2 | |
| Swords | 3 | |
| Plating | 3 | |
| Animal War Training | 1 | |
| Gunpowder | 1 | |
11 total
» buildings
| Altar of Kings | 1 | |
| Barracks | 2 | |
| Farm | 10 | |
| Keep | 2 | |
| Castle | 1 | |
| Arcane Sanctum | 2 | |
| Lumber Mill | 1 | |
| Blacksmith | 2 | |
| Town Hall | 2 | |
| Arcane Vault | 1 | |
24 total
» build order
00:05 Altar of Kings
00:28 Barracks
00:54 Farm
01:37 Farm
01:43 Farm
02:26 Farm
03:04 Farm
03:32 Keep
03:44 Farm
05:27 Barracks
05:59 Castle
06:04 Arcane Sanctum
06:10 Arcane Sanctum
06:14 Lumber Mill
06:18 Blacksmith
06:54 Farm
07:17 Blacksmith
08:15 Town Hall
08:43 Farm
09:33 Farm
10:48 Arcane Vault
11:27 Town Hall
11:43 Farm
heat2peat (
purple | 10 APM | 583 actions | 55:42)
6 Death Knight
3 Death Coil
2 Unholy Aura
1 Animate Dead
» actions
| Assign group hotkey | 11 | |
| Basic commands | 39 | |
| Build / train | 53 | |
| Enter build submenu | 26 | |
| Enter hero's abilities submenu | 6 | |
| Right click | 121 | |
| Select / deselect | 187 | |
| Select group hotkey | 90 | |
| Use ability | 50 | |
583 total
» units
| Acolyte | 9 | |
| Ghoul | 8 | |
| Frost Wyrm | 12 | |
| Gargoyle | 5 | |
34 total
» upgrades
| Freezing Breath | 1 | |
| Creature Attack | 4 | |
5 total
» buildings
| Ziggurat | 8 | |
| Crypt | 4 | |
| Altar of Darkness | 1 | |
| Tomb of Relics | 1 | |
| Nerubian Tower | 1 | |
| Halls of the Dead | 1 | |
| Graveyard | 1 | |
| Necropolis | 3 | |
| Black Citadel | 1 | |
| Sacrificial Pit | 1 | |
| Spirit Tower | 2 | |
| Boneyard | 4 | |
28 total
» build order
00:10 Ziggurat
00:15 Crypt
00:47 Altar of Darkness
01:17 Ziggurat
02:17 Tomb of Relics
03:10 Nerubian Tower
03:40 Halls of the Dead
04:20 Ziggurat
05:25 Graveyard
06:13 Necropolis
06:38 Black Citadel
06:53 Sacrificial Pit
08:03 Ziggurat
08:08 Ziggurat
08:12 Ziggurat
08:15 Ziggurat
08:20 Ziggurat
09:42 Spirit Tower
10:03 Boneyard
10:06 Boneyard
10:11 Boneyard
10:16 Boneyard
16:38 Spirit Tower
25:02 Crypt
25:03 Crypt
25:05 Crypt
32:11 Necropolis
41:59 Necropolis
» items
| Scroll of Town Portal | 1 | |
| Potion of Healing | 1 | |
2 total
Asus_ (
teal | 84 APM | 1898 actions | 22:28)
6 Death Knight
1 Death Coil
1 Death Pact
3 Unholy Aura
1 Animate Dead
» actions
| Basic commands | 1 | |
| Build / train | 66 | |
| Enter build submenu | 17 | |
| Enter hero's abilities submenu | 6 | |
| Right click | 1535 | |
| Select / deselect | 231 | |
| Use ability | 42 | |
1898 total
» units
| Acolyte | 14 | |
| Ghoul | 2 | |
| Crypt Fiend | 20 | |
| Blue Dragon Whelp | 1 | |
| Blue Drake | 2 | |
39 total
» upgrades
» buildings
| Graveyard | 1 | |
| Ziggurat | 9 | |
| Altar of Darkness | 1 | |
| Crypt | 2 | |
| Nerubian Tower | 1 | |
| Halls of the Dead | 2 | |
| Tomb of Relics | 1 | |
| Black Citadel | 2 | |
| Temple of the Damned | 1 | |
| Spirit Tower | 4 | |
24 total
» build order
00:09 Graveyard
00:28 Ziggurat
00:48 Altar of Darkness
00:57 Crypt
01:23 Ziggurat
01:36 Nerubian Tower
02:13 Crypt
03:09 Ziggurat
06:56 Halls of the Dead
06:56 Halls of the Dead
09:31 Ziggurat
10:24 Tomb of Relics
10:46 Ziggurat
10:48 Black Citadel
10:52 Temple of the Damned
12:01 Ziggurat
12:04 Spirit Tower
17:02 Ziggurat
17:05 Ziggurat
17:42 Ziggurat
17:44 Spirit Tower
17:55 Spirit Tower
17:58 Spirit Tower
» items
| Scroll of Town Portal | 1 | |
| Scroll of Protection | 1 | |
2 total
Chat log
(00:04 / All) Furor: teal
(00:10 / All) Furor: ay-soos or ay-sus
(01:27 / All) Asus_: y
(01:36 / Allies) RyanBrenner: yo yo
(04:48 / All) Asus_: was that a rush?
(04:56 / All) 2064265555: ask your workers
(04:59 / All) Furor: green is stealing my fucking xp from GREEN CAMPS
(05:02 / All) Furor: orange
(05:07 / All) Furor: freudian slip
(05:13 / All) Furor: piece of fucking shit
(05:33 / All) Furor: and then he goes off to creep by himself and try to get full xp
(05:36 / All) Furor: waht a little fucking bitch boy
(05:44 / Allies) Furor: I'm taking your item orange
(06:00 / Allies) Furor: fucking fatass grunt
(06:03 / Allies) Furor: you're dead
(06:44 / Allies) manbearpig54: red
(06:48 / Allies) manbearpig54: wut are you doin
(06:48 / Allies) Furor: shut the fuck up
(07:11 / Allies) Furor: blah
(07:13 / Allies) Furor: have to tk you later
(12:56 / Allies) 2064265555: kill morts
(13:25 / All) Furor: fucking shitbag orange
(13:35 / All) Furor: and fucking shitbag yellow helping his stupid ass
(13:37 / Allies) manbearpig54: youre a funny kid
(13:39 / All) Furor: you're fucking meat and both dead
(13:42 / Allies) Furor: I've raped you before eat shit
(14:05 / Allies) Furor: nice am faggot
(14:19 / Allies) 2064265555: on the phone with your mom
(14:26 / Allies) 2064265555: she says hi faggot
(14:30 / Allies) Furor: I don't give a shit abotu your lack of wit
(15:36 / Allies) RyanBrenner: ?
(15:44 / Allies) Furor: lose your fucking sh to eles lol
(15:56 / Allies) Furor: eat shit
(16:08 / Allies) manbearpig54: lol
(18:16 / Allies) Furor: get the fuck you
(18:18 / Allies) Furor: xp leeching filth
(18:26 / Allies) Furor: go find another game to take green camps
(19:00 / All) Asus_: u were saying red
(19:10 / All) Furor: I was saying you're fucking dead too just like the filth allies I tked
(19:16 / All) Furor: go drown in your own shit you fucking stupid mongrel
(19:30 / All) Asus_: so many fans
(19:33 / All) Asus_: so lil time
(19:54 / All) Furor: there's two people here with fans and they aren't you, you retarded cranially challenged lobotomised half-wit ape
(20:04 / All) Asus_: are u a bit mad?
(20:08 / All) Asus_: did i sleep with ur sister?
(20:09 / All) Furor: I'm perfectly calm
(20:09 / All) Asus_: lol
(20:17 / All) Strider: hes mad
(20:23 / All) Furor: not at all because I already know your fate
(20:46 / All) Strider: as does my army that just hit ur hall
(20:50 / All) Furor: told you
(20:51 / All) Furor: you're dead
(20:57 / All) Furor: you can fuck off you stupid fucking ape
(21:45 / All) Furor: are you mad you little faggot?
(21:50 / All) Furor: like I said go drown in your own shit, shiteat
(22:11 / All) Asus_: wow ur needy lol
(22:25 / All) Furor: speak if spoken to
(22:27 / All) Furor: you're beneath me
(22:48 / All) Furor: This game was all shiteating faggots lawl
(22:51 / All) Furor: I wish they could all lose
(23:11 / All) Furor: thanks for the free levels blue
(23:29 / All) Strider: yeah you fought my tked depleated army, congrats
(23:32 / All) Furor: yep
(23:40 / All) Strider: when we fought 1v1 i didnt even have aa and i beat you
(23:41 / All) Furor: from where you're kneeling it must look like an 18 karat turn of bad luck
(23:43 / All) Furor: but the truth is
(23:43 / All) 2064265555: who tk?
(23:47 / All) Furor: the game was rigged from the start
(23:52 / All) Strider: green
(24:05 / Allies) Furor: gold
(24:09 / Allies) Furor: gold me
(24:12 / All) Strider: so i just have to wait for all my shit to be destroyed?
(24:19 / All) Furor: yep you have no control
(24:19 / All) 2064265555: sorry man
(24:24 / All) Furor: go jack off to scat porn
(24:28 / All) heat2peat: must be a pussy in real life
(24:33 / All) Furor: yellow you defended a fucking xp leecher from being put in his place
(24:39 / All) Furor: don't place the high and mighty card of "sorry man"
(24:47 / All) 2064265555: lmao
(24:52 / All) 2064265555: blue respects me
(24:56 / All) Furor: btw yellow human has MECHANICAL CRITTERS you don't need to make a fucking farm at the goblin lab you twat
(24:59 / All) 2064265555: something you will never have
(25:06 / All) 2064265555: never
(25:10 / All) Furor: speak for yourself
(25:12 / All) 2064265555: you sick fuck
(25:23 / All) Furor: I'm a sick fuck for raping you in Warcraft III?
(25:32 / All) RyanBrenner: well
(25:34 / All) RyanBrenner: its been real
(25:35 / All) 2064265555: you probably fuck small kids or prostitutes after you volunteer at church
(25:38 / All) Furor: lol
(26:41 / Allies) Furor: get that peasant back to work, peasant
(26:46 / Allies) Furor: mass tp canceled it you blind retard
(28:33 / All) Furor: fucking jackass tping
(28:59 / All) tanks-ranks-ban: over or under dragon gives u 2 lvls or 1
(29:01 / Allies) Furor: get that shit back to work, you shit
(29:08 / All) Furor: wow
(29:12 / All) Furor: that's a lotta xp
(29:17 / All) Furor: Not used to killing level 10 dragons
(29:21 / All) Furor: Normally they're all Turncoat's
(29:32 / All) tanks-ranks-ban: y did u tk yellow
(29:37 / All) Furor: I tked orange
(29:40 / All) Furor: He leeched my green camp
(29:49 / All) Furor: the one with level 2 gnolls
(29:49 / All) tanks-ranks-ban: thats it?
(30:00 / All) Furor: then he went off to creep by himself and tried to do it fast so I couldn't take XP
(30:03 / All) tanks-ranks-ban: if u tk like that the game is ruined
(30:04 / All) Furor: yeah it pissed me off lawl
(30:17 / All) Furor: I'm not really as pissed as I was typing though, I just always hope it riles them up to be blunt with my smack talk
(30:26 / Allies) Furor: so close but so far yellow
(30:34 / Allies) Furor: thanks for the cancel man
(30:42 / All) Furor: I try not to make a habit of tks that early but I felt a need this game
(31:18 / All) tanks-ranks-ban: i think wejust need to let games play out naturally
(31:21 / All) Furor: I agree
(31:36 / All) Furor: Damn I wish both sides could lose
(31:39 / All) tanks-ranks-ban: i like my team they were cool
(31:39 / All) heat2peat: naw, cause u guys would never win
(31:53 / All) Furor: I didn't like blue, he thought he was hot shit
(32:09 / All) tanks-ranks-ban: purple u watch a rigged sport on every level in basketball u dont have credibility to ur name
(32:45 / All) tanks-ranks-ban: hint blue
(32:51 / All) Furor: blue creeping lol
(32:54 / All) tanks-ranks-ban: "move" on creeps so u dont have to keep doing it
(33:01 / All) heat2peat: will some1 teach blue how 2 kill inself
(33:02 / All) Furor: sup
(33:20 / All) tanks-ranks-ban: i really really like my team, at blue and teal
(33:24 / All) Furor: blue can't even suicide his own troops lol
(33:25 / All) tanks-ranks-ban: purple is cool too
(33:50 / All) Furor: thanks for the level 10 man
(34:07 / All) Strider: yeah now go use it
(34:14 / All) Strider: on all those enemies
(34:17 / All) Furor: lawl
(34:18 / All) Furor: good point
(35:08 / All) Furor: You can all leave
(35:11 / All) Furor: stay you get a loss
(35:13 / All) Furor: leave you get a tie
(35:57 / All) heat2peat: damn u red... 140 more hits i would have killed that hall
(36:21 / All) tanks-ranks-ban: we have decided, blue and purple will get the win
(36:25 / All) Furor: k, you can all get the win on one condition
(36:28 / All) Furor: No we haven't WTF
(36:49 / All) tanks-ranks-ban: wut is the condition
(36:51 / All) Furor: You all say that "Rod is the greatest 4v4 player of all time" and you can win
(37:05 / All) Furor: Say it blue and purple
(37:29 / All) heat2peat: lol... rod is the greatest 4vrs4 of all time
(37:40 / All) Furor: the greatest 4v4 what of all time?
(37:42 / All) Furor: rewrite that
(37:43 / All) tanks-ranks-ban: i dont think blue will, he is a proud proud man
(37:50 / All) Furor: Yeah I don't like him
(38:07 / All) heat2peat: 11 years old... 2003
(38:10 / All) Furor: You don't say it you get no win blue
(38:15 / All) Strider: then you were going to not let us in
(38:17 / All) Strider: win
(38:22 / All) Furor: nope
(38:27 / All) Furor: I keep my word
(38:29 / All) Strider: id rather lose than be a fool
(38:34 / All) Furor: You don't look like you'll give me one though
(38:39 / All) Furor: Say it or you lose
(38:47 / All) Strider: dude
(38:47 / All) tanks-ranks-ban: i gave my team control
(38:49 / All) Strider: just finish this
(38:59 / All) Furor: I'll finish it when you say "Rod is the greatest 4v4 RT player of all time"
(39:12 / All) Furor: Then I'll altqq
(39:37 / All) Furor: Welp at this rate it looks like you've gotta lose, fellas
(40:02 / All) Furor: Bad boy blue
(40:03 / All) Furor: You lose
(40:09 / All) tanks-ranks-ban: wut do u guy sthink happend to that plane
(40:15 / All) Furor: Last chance
(40:18 / All) Furor: Say it and you get the win'
(40:20 / All) Strider: idk
(40:22 / All) Strider: its weird
(40:27 / All) Furor: blue
(40:29 / All) heat2peat: mercy
(40:29 / All) Strider: it
(40:31 / All) tanks-ranks-ban: wait rod lets discuss this, the plane is strange as hell
(40:37 / All) Furor: lawl alright
(40:40 / All) tanks-ranks-ban: there is no sign of it at all
(40:45 / All) Strider: you said say it
(40:49 / All) Strider: it
(40:53 / All) Furor: No
(40:56 / All) Furor: Context clues faggot
(41:05 / All) Strider: let me help you destroy that sir
(41:24 / All) heat2peat: wonder if you can have a army of wood cutters
(41:30 / All) Furor: that isn't last building?
(41:31 / All) Furor: what
(41:47 / All) Furor: We've had games where we have trains of shredders so you could do it as an army
(41:50 / All) Furor: but it would suck I think
(41:51 / All) Strider: this was fun
(41:53 / All) Strider: again sometime
(41:56 / All) Furor: where is the last building
(42:03 / All) Furor: oh
(42:17 / All) tanks-ranks-ban: i built it ti doscuss the plane
(42:27 / All) Furor: yeah the plane
(42:28 / All) Strider: oh
(42:29 / All) Furor: discuss the plane
(42:29 / All) Strider: shit
(42:35 / All) Strider: we got 1:40
(42:38 / All) tanks-ranks-ban: blue wut do u think
(42:38 / All) Strider: for plane talk
(42:40 / All) tanks-ranks-ban: happened
(42:43 / All) tanks-ranks-ban: y 140
(42:51 / All) Strider: idk, but you heard about the people with fake id?
(42:52 / All) tanks-ranks-ban: lol
(42:58 / All) tanks-ranks-ban: in 130 he can see our buildings man
(43:02 / All) tanks-ranks-ban: has nothing to do with the gam eending
(43:12 / All) Strider: really?
(43:16 / All) Strider: never knew that
(43:18 / All) Furor: this isn't sc2 with annoying draws
(43:23 / All) Strider: i never played standard
(43:33 / All) tanks-ranks-ban: i think the iran passport guys hijacked the plane
(43:34 / All) Strider: i always played ring wars back in the day
(43:41 / All) tanks-ranks-ban: i played angel arena
(43:43 / All) tanks-ranks-ban: and loap
(43:46 / All) Furor: did you play sheep tag?
(43:47 / All) Strider: where did the plane land tho? iran?
(43:50 / All) Furor: or farmers vs hunters?
(43:51 / All) Strider: yes
(43:55 / All) Strider: preist tag too
(43:56 / All) tanks-ranks-ban: it said it could go 4 hours
(44:02 / All) tanks-ranks-ban: from its destination last known
(44:12 / All) tanks-ranks-ban: probably like saudia arabia
(44:15 / All) Strider: so he took it to iran you think?
(44:15 / All) tanks-ranks-ban: or anartica
(44:21 / All) Strider: to crash it?
(44:27 / All) tanks-ranks-ban: seriously tho lol
(44:30 / All) tanks-ranks-ban: if it got hijacked
(44:33 / All) Strider: lol
(44:34 / All) tanks-ranks-ban: we'd know
(44:41 / All) tanks-ranks-ban: planes dont just disappear
(44:45 / All) Furor: They could detect it by radar if it was hijacked or crashed
(44:48 / All) Furor: Something fishy happened
(44:49 / All) Strider: yeah its just weird, dont planes all have gps by now?
(44:51 / All) tanks-ranks-ban: he didnt hijack it to make it disappear
(45:03 / All) tanks-ranks-ban: the reports now are
(45:14 / All) tanks-ranks-ban: it gave a signal to satelietess 4 hours after it went missing from radar
(45:26 / All) tanks-ranks-ban: no different than our cell phones giving off signals even when we dont call
(45:28 / All) Strider: damn!
(45:29 / All) tanks-ranks-ban: so it proves nothing
(45:34 / All) Strider: but
(45:43 / All) Strider: if it crashed, would it still give off signal?
(45:54 / All) tanks-ranks-ban: maybe the black boxes?
(45:55 / All) Strider: maybe if it was in like a black box
(45:57 / All) Strider: yes
(45:59 / All) tanks-ranks-ban: do black boxes survive crashes
(46:05 / All) Strider: i thought so
(46:14 / All) Strider: i remember 9/11
(46:15 / All) heat2peat: no, not like this... "Matrix"
(46:32 / All) tanks-ranks-ban: well
(46:43 / All) tanks-ranks-ban: i dont knwo a god damn thing
(46:45 / All) tanks-ranks-ban: about malaysia
(46:48 / All) tanks-ranks-ban: isn't it chines eowned
(46:57 / All) heat2peat: mery please
(47:06 / All) tanks-ranks-ban: seriously lol
(47:11 / All) tanks-ranks-ban: 3rd world countries suck ass
(47:14 / All) heat2peat: clean death, not like this
(47:16 / All) tanks-ranks-ban: this shit dont happen in the US
(47:18 / All) Strider: i want to go to ukraine bad
(47:23 / All) Strider: before all this bs happened
(47:27 / All) Furor: Slav countries look ace
(47:27 / All) tanks-ranks-ban: y ukraine
(47:30 / All) Furor: They'd be great places to live
(47:35 / All) Strider: they love americans
(47:41 / All) tanks-ranks-ban: aren't ukraines like the top places for terrorists
(47:46 / All) Strider: hahaha
(47:47 / All) Strider: maybe
(47:48 / All) Furor: lol
(47:48 / All) heat2peat: im looking at spartacus:gods of the areana
(47:49 / All) Strider: i hope not
(47:51 / All) tanks-ranks-ban: according to 24
(48:05 / All) Strider: if thats the case, the russian mob would prob kidnap me
(48:12 / All) Strider: or some terror group
(48:16 / All) tanks-ranks-ban: nobody knows a god damn thing about this plane tho
(48:22 / All) Strider: i know a girl who lives in Donestk
(48:28 / All) tanks-ranks-ban: i got a question
(48:28 / All) Strider: yeah
(48:47 / All) tanks-ranks-ban: is it even possible for someone to hijack a plane and land it in a country w/o anyoneknowning
(48:51 / All) tanks-ranks-ban: other countries knowing i mean
(49:10 / All) Strider: possibly, if they dont have advanced monitoring
(49:18 / All) Strider: the countries they fly over
(49:26 / All) heat2peat: yeah, if the country itself took it
(49:30 / All) Strider: yeah
(49:34 / All) tanks-ranks-ban: this better not have anything to do with that putin obama georgia fiasco
(49:38 / All) Strider: or maybe if they flew it over ocean
(49:46 / All) Strider: i hate obama
(49:55 / All) Furor: He's just a figurehead
(49:56 / All) tanks-ranks-ban: y would they hijack it just to crash it in ocean
(50:00 / All) Furor: look at my peasants harvesting gold
(50:06 / All) Strider: lol
(51:00 / All) tanks-ranks-ban: wut
(51:01 / All) tanks-ranks-ban: kind
(51:07 / All) tanks-ranks-ban: pappa murphys is pro
(51:11 / All) tanks-ranks-ban: i love the shit u have to cook in oven
(51:13 / All) tanks-ranks-ban: over take out
(51:29 / All) tanks-ranks-ban: im a standard pepperoni sausage guy
(51:35 / All) Furor: I dig those pizzas you can put in the oven
(51:40 / All) Furor: I like to cut up peppers and put them on it
(51:42 / All) Furor: and pineapple
(51:47 / All) tanks-ranks-ban: unsure if they have them in the us, rod
(51:59 / All) Furor: lol
(52:03 / All) tanks-ranks-ban: we call thos epizza pockets
(52:05 / All) tanks-ranks-ban: i think
(52:12 / All) tanks-ranks-ban: put it in micrwave or like 2 min 30 sec
(52:18 / All) Furor: Blue and purple you here?
(52:23 / All) Strider: yeah
(52:27 / All) Strider: had to put food in
(52:31 / All) Strider: this might be a long one
(52:34 / All) Furor: Say "Rod is the greatest 4v4 RT player of all time" and I give you the win
(52:36 / All) Furor: I give you my word
(52:44 / All) Furor: I ain't kidding, I've kept it up this long
(52:46 / All) Furor: I like you two
(52:55 / All) tanks-ranks-ban: rods been in a game
(52:57 / All) Furor: but if business demands I kill you then I shall do it
(52:58 / All) tanks-ranks-ban: that lasted 20 hours
(53:08 / All) Furor: I keep my word
(53:09 / All) Strider: i cant trust your word, even if you like me (i doubt you like me, for i have given you no reason to)
(53:15 / All) Strider: i like your name tho
(53:16 / All) Furor: You stayed this long
(53:22 / All) tanks-ranks-ban: wuts furor mean
(53:27 / All) Furor: Most players of inferior minds would insta-leave
(53:35 / All) Furor: They leave at slight struggle. But you and purple prevail
(53:38 / All) tanks-ranks-ban: if it were up to me blue i would give u the win
(53:48 / All) tanks-ranks-ban: i was gonna say something
(54:07 / All) tanks-ranks-ban: any of u post on any fourms or blogs
(54:11 / All) tanks-ranks-ban: like gamefaqs
(54:47 / All) Strider: im going to make food
(54:50 / All) Strider: ill be here
(54:50 / All) Furor: wait
(54:54 / All) Furor: I'll just give you the win I think
(54:57 / All) Furor: This has gone on long enough
(55:00 / All) Furor: Any last words?
(55:16 / All) Strider: i love you two
(55:21 / All) Furor: purp?
(55:40 / All) Furor: Well so be it, a win you two shall hae